Balek, chaotic male human Wizard ---- --- -------.*| ---- -- --.---..||....| ... |.--...|...--.---- .. -............| .. |..--..^.....-- -- -.. ----|......*..---- .. |.. ---- |-)..........-- -.---|. ---..| ------|.[<..........| |...||.-- ---....-- |..|.--.[.---......-- ---..--..----.......| --.%.^)(.).| --...--- |..........|........----.........-- --.-- |.........@d....................|.- --- ---............^.----------..----. -->.................| |...| |..............--...- --.-- |.........|.....| ...| --- --......----....| ..-- ---.|..| ---.-- -- ------ --- Balek the Thaumaturge Experience level: 7 Strength: 11 Dexterity: 13 Constitution: 16 Intelligence: 18 Wisdom: 11 Charisma: 10 Health: 0(46) Energy: 20(62) AC: 3 Gold: 0 Moves: 3437 Your Inventory: Weapons a - a blessed +1 quarterstaff (weapon in hands) Armor b - a blessed +0 cloak of magic resistance (being worn) p - an [uncursed] +0 pair of hard shoes [iron] (being worn) t - an [uncursed] +1 iron skull cap [orcish helm] (being worn) D - an [uncursed] +0 leather armor (being worn) Comestibles x - 2 [uncursed] food rations Scrolls i - 2 uncursed scrolls of identify j - an uncursed scroll of teleportation n - an [uncursed] scroll labeled PHOL ENDE WODAN [of enchant armor] o - an [uncursed] scroll labeled SODALG [of magic mapping] Spellbooks k - a blessed spellbook of force bolt l - an uncursed spellbook of identify w - an [uncursed] spellbook of slow monster named Read 1 time E - an [uncursed] spellbook of sleep named read 1 time H - an [uncursed] spellbook of confuse monster named read 1 time Potions f - an uncursed potion of healing g - an uncursed potion of sleeping h - an uncursed potion of gain energy u - a [blessed] sparkling potion [of sickness] v - an [uncursed] slimy potion [of object detection] z - 2 [uncursed] sky blue potions [of extra healing] Rings d - an uncursed ring of searching (on right hand) e - an uncursed +3 ring of gain constitution (on left hand) I - an [uncursed] moonstone ring [of invisibility] Wands c - an uncursed wand of polymorph (0:5) J - an [uncursed] uranium wand [of make invisible (0:8)] Tools m - an uncursed blindfold B - an [uncursed] key [skeleton key] Spells known in the end: Name Level Category Fail Memory a - force bolt 1 attack 4% [|||||||.] b - identify 3 divination 91% [|||||||.] c - slow monster 2 enchantment 4% [||||||||] d - sleep 1 enchantment 4% [||||||||] e - confuse monster 2 enchantment 4% [||||||||] Your skills at the end: Fighting Skills Weapon Skills quarterstaff [Basic / Expert] Spellcasting Skills attack spells [Basic / Expert] enchantment spells [Basic / Skilled] Final Attributes: You were piously aligned. Hunger level was 767. Your alignment was 26 / 27. Monster difficulty range was 0 - 6. Level difficulty was 5. You were magic-protected. You had automatic searching. You were lucky (1). You are dead. Vanquished creatures: a small mimic a dingo a rock piercer a shrieker 3 gnome lords a kobold mummy 2 giant ants 4 dwarves 5 hill orcs a dwarf zombie a coyote 2 hobbits a hobgoblin 4 giant rats 8 gnomes 5 geckos 4 jackals a kobold 3 goblins 3 sewer rats 5 grid bugs 2 bats 3 lichens 2 kobold zombies 4 newts 68 creatures vanquished. Voluntary challenges: You used a wielded weapon 85 times. You read items or engraved 621 times. You put on armor 9 times. You never genocided any monsters. You never polymorphed an object. You never changed form. You used no wishes. You wrote Elbereth's name 161 times. You never encountered a bones level. You never used any Sokoban shortcuts. Dungeon overview: The Dungeons of Doom: levels 1 to 4 Level 1 a fountain a long staircase Level 2 some fountains Level 3 a fountain Level 4 a general store, a fountain stairs to The Gnomish Mines The Gnomish Mines: Level 5 <- You were here stairs to The Dungeons of Doom History has recorded: On T:1 you entered the Dungeons of Doom to retrieve the Amulet of Yendor! On T:665 you advanced to experience level 2. On T:754 you reached level 2 of The Dungeons of Doom. On T:781 you advanced to experience level 3. On T:1003 you advanced to experience level 4. On T:1138 you reached level 3 of The Dungeons of Doom. On T:1463 you reached level 4 of The Dungeons of Doom. On T:1589 you advanced to experience level 5. On T:2211 you advanced to experience level 6. On T:2527 you reached level 1 of The Gnomish Mines. On T:3018 you advanced to experience level 7. Latest messages: [2 turns] You miss the wolf. The wolf bites! [HP-4=31] You hit the wolf. The wolf bites! [HP-5=26] You hit the wolf. The wolf bites! (2x) [HP-8=18] [2 turns] You miss the wolf. The wolf bites! [HP-3=15] The spell misses the wolf. The wolf bites! [HP-4=11] The spell misses the wolf. The wolf bites! (2x) You die... Final status: Goodbye Balek the Wizard... You died in The Gnomish Mines on dungeon level 5 with 1116 points, and 0 pieces of gold, after 3437 moves. You were level 7 with a maximum of 46 hit points when you died.